 Dungeon Crawl Stone Soup version 0.18-a0-20-gaede791 (webtiles) character file.

152 MackTheKnife the Covert (level 5, 0/25 HPs)
             Began as a Spriggan Assassin on Nov 2, 2015.
             Was an Initiate of Ashenzari.
             Killed from afar by an orc wizard (6 damage)
             ... with a magic dart
             ... on level 5 of the Dungeon.
             The game lasted 00:07:08 (4503 turns).

MackTheKnife the Covert (Spriggan Assassin)         Turns: 4503, Time: 00:07:08

Health: 0/25       AC:  3    Str:  7    XL:     5   Next: 11%
Magic:  6/6        EV: 17    Int: 13    God:    Ashenzari [......]
Gold:   164        SH:  0    Dex: 18    Spells: 0 memorised, 4 levels left

rFire  . . .     SeeInvis +     a - +2 dagger (curse)
rCold  . . .     Clarity  .     c - +0 robe (curse)
rNeg   . . .     SustAt   .     (shield restricted)
rPois  .         Gourm    .     (helmet restricted)
rElec  .         Spirit   .     d - +0 cloak (curse)
rCorr  .         Warding  .     (gloves unavailable)
rMut   .         Stasis   .     (boots unavailable)
MR     .....                    (no amulet)
Stlth  +++++.....               (no ring)
                                (no ring)

@: very quick, not resistant to hostile enchantments, quite stealthy
A: unfitting armour, see invisible, herbivore 3, speed 3, slow metabolism 2
a: Renounce Religion


You were on level 5 of the Dungeon.
You worshipped Ashenzari.
Ashenzari was noncommittal.
You were hungry.

You visited 1 branch of the dungeon, and saw 5 of its levels.

You collected 164 gold pieces.

Inventory:

Hand Weapons
 a - a cursed +2 dagger (weapon)
 b - a +0 blowgun
 m - a +0 dagger of speed
   (You found it on level 2 of the Dungeon)
Missiles
 e - 24 poisoned needles
 f - 2 curare-tipped needles
Armour
 c - a cursed +0 robe (worn)
 d - a cursed +0 cloak (worn)
Scrolls
 i - a scroll of recharging
 k - a scroll of fog
 l - 2 scrolls of teleportation
 p - a scroll of curse weapon
 q - a scroll of remove curse
 r - 3 scrolls of identify
 u - a scroll of blinking {!r}
 y - a scroll of curse armour
 z - a scroll of curse jewellery
Potions
 h - a potion of lignification {unknown}
 j - 2 potions of curing
 n - 2 potions of heal wounds {unknown}
 o - a potion of cancellation {unknown}
 s - 2 potions of might {unknown}
 v - a potion of invisibility {unknown}
 x - a potion of brilliance {unknown}
Comestibles
 g - 4 bread rations {@e1}
 t - 4 fruits
 w - a slice of pizza


   Skills:
 - Level 1.5 Fighting
 - Level 2.1 Short Blades
 - Level 2.0 Throwing
 - Level 1.5 Dodging
 + Level 9.8 Stealth


You had 4 spell levels left.
You didn't know any spells.

Dungeon Overview and Level Annotations

Branches:
Dungeon (5/15)
 Temple: D:4-7

Altars:
Ashenzari
Dithmenos
Gozag
Makhleb
Trog

Annotations:
D:4 Arkorax's ghost, amateur MiFi


Innate Abilities, Weirdness & Mutations

You are tiny and cannot use many weapons and most armour.
You have supernaturally acute eyesight.
You are a herbivore.
You cover ground extremely quickly.
You need consume almost no food.


Message History

Unknown command.
You hit the worker ant. The worker ant barely misses you.
You hit the worker ant.
You kill the worker ant!
You have reached level 5!
You feel agile.
MP restored: 6 You start resting.
Health restored: 25 You see here a worker ant corpse.
You open the door.
A shadow imp comes into view.
Found a shadowy altar of Dithmenos.
A shadow imp is nearby!
The shadow imp shouts!
There is an open door here.
You closely miss the shadow imp. The shadow imp completely misses you.
You hit the shadow imp. The shadow imp closely misses you.
You hit the shadow imp. The shadow imp hits you.
You take 5 damage, and have 20/25 hp.
You closely miss the shadow imp. You barely miss the shadow imp.
The shadow imp summons a swarm of flies.
The shadow imp completely misses you.
You hit the shadow imp. The shadow imp barely misses you.
You hit the shadow imp but do no damage.
The shadow imp closely misses you.
You hit the shadow imp.
You kill the shadow imp!
No target in view!
No target in view!
You start resting.
Health restored: 25
There is an open door here.
You open the door.
Found an opulent altar of Gozag and a burning altar of Makhleb.
There is an open door here.
Unknown command.
There is an open door here.
Found a bloodstained altar of Trog.
Found an escape hatch in the floor.
Read which item? (? for menu, Esc to quit)
Okay, then.
Drop what? 24/52 slots (_ for help) (? for menu, Esc to quit)
You drop a scroll of remove curse.
You offer a prayer to Ashenzari.
The scroll of remove curse flickers black. 2 scrolls of curse armour and a scroll of curse jewellery appear.
Ashenzari is noncommittal.
y - 2 scrolls of curse armour;
z - a scroll of curse jewellery Read which item? (? for menu, Esc to quit)
Curse which item? (? for menu, Esc to quit)
As you read the scroll of curse armour, it crumbles to dust.
Your +0 robe glows black for a moment.
You are partially bound in armour.
You are moderately bound.
A giant cockroach zombie comes into view.
A giant cockroach zombie is nearby!
There is an escape hatch in the floor here.
You strike the helpless giant cockroach zombie from a blind spot!
You impale the giant cockroach zombie!!
You destroy the giant cockroach zombie!
No target in view!
An orc wizard comes into view. It is wielding a dagger.
An orc wizard is nearby!
An orc comes into view. It is wielding a flail.
An orc wizard comes into view. It is wielding a dagger.
The orc shouts!
Unknown command.
The orc wizard gestures at you while chanting.
The puff of frost hits you!
You take 6 damage, and have 19/25 hp.
MASSIVE DAMAGE!!
The orc wizard shouts!
You open the door.
There is an open door here.
You close the door.
You enter the shallow water.
Moving in this stuff is going to be slow.
Why would you want to do that? Why would you want to do that?
You open the door.
There is an open door here.
The orc wizard casts a spell.
The orc wizard blinks!
The orc wizard is too close now for your liking.
An orc wizard is nearby!
The orc wizard points at you and mumbles some strange words.
The magic dart hits you!
You take 10 damage, and have 13/25 hp.
MASSIVE DAMAGE!!
You open the door.
The orc wizard gestures at you while chanting.
The magic dart hits you!
* * * LOW HITPOINT WARNING * * *
You take 7 damage, and have 6/25 hp.
MASSIVE DAMAGE!!
Unknown command.
The orc wizard casts a spell at you. The magic dart hits you!
You die...

#....................
##....................
##.>...................
##.o....................
##..#....................
##..###..################.
##..##
#..#..............#.
#######..##
#..#.≈≈≈≈≈≈≈≈≈≈≈≈.#.
#.......§#
##.@.≈≈≈≈≈≈≈≈≈≈≈≈.'.
o.......##
#.#.≈≈≈≈≈≈≈≈≈≈≈≈.#.
.......##
#.#.≈≈≈≈≈≈≈≈≈≈≈≈.#.
.#######
###..............#. ##
################.
#...............
##..............
#####.......... ###
#.#####....


You could see an orc wizard.

Vanquished Creatures
  An iguana (D:5)
  2 worker ants
  A worker ant zombie (D:5)
  An adder (D:3)
  A shadow imp (D:5)
  2 worms (D:2)
  A giant gecko (D:2)
  4 orcs (D:3)
  6 hobgoblins
  A quokka (D:2)
  2 ball pythons (D:3)
  7 bats
  A giant cockroach zombie (D:5)
  3 giant newts
  8 goblins
  6 kobolds
  5 rats
52 creatures vanquished.

Notes
Turn   | Place    | Note
--------------------------------------------------------------
     0 | D:1      | MackTheKnife the Spriggan Assassin began the quest for the Orb.
     0 | D:1      | Reached XP level 1. HP: 10/10 MP: 2/2
    53 | D:1      | Reached skill level 6 in Stealth
   179 | D:1      | Reached XP level 2. HP: 11/14 MP: 3/3
   639 | D:2      | Reached skill level 7 in Stealth
   700 | D:2      | Found a shattered altar of Ashenzari.
   715 | D:2      | Became a worshipper of Ashenzari the Shackled
  1138 | D:2      | Reached XP level 3. HP: 18/18 MP: 4/4
  2328 | D:3      | Reached skill level 8 in Stealth
  2495 | D:3      | You fall through a shaft!
  2704 | D:4      | Noticed Arkorax's ghost (amateur MiFi)
  2788 | D:4      | Reached XP level 4. HP: 22/22 MP: 5/5
  2879 | D:4      | Noticed a phantom
  3267 | D:3      | HP: 4/22 [orc wizard/magic dart (7)]
  3743 | D:5      | Entered Level 5 of the Dungeon
  3753 | D:5      | Reached skill level 9 in Stealth
  4083 | D:5      | HP: 2/22 [worker ant (6)]
  4086 | D:5      | Reached XP level 5. HP: 13/25 MP: 6/6
  4238 | D:5      | Found a shadowy altar of Dithmenos.
  4360 | D:5      | Found an opulent altar of Gozag.
  4360 | D:5      | Found a burning altar of Makhleb.
  4374 | D:5      | Found a bloodstained altar of Trog.
  4502 | D:5      | HP: 6/25 [orc wizard/magic dart (7)]
  4503 | D:5      | Killed from afar by an orc wizard

Vault maps used:
D:1:      minmay_arrival_stair_chambers
D:2:      evilmike_ruin_ashenzari, patterned_corridor
D:3:      first_bread, kennysheep_generic_room_4
D:4:      lemuel_blue_sif_altar, grunt_temple_overflow_diamond,
          uniq_blork_the_orc, uniq_sigmund, uniq_robin
D:5:      grunt_dithmenos_shadows, marbit_many_paths, overflow_temple_1_default,
          gammafunk_temple_overflow_elements, nrook_pool_corridor,
          hangedman_decor_diamond_cutter

Action                   |  1- 3 |  4- 6 || total
-------------------------+-------+-------++-------
Melee: Dagger            |   120 |    61 ||   181
  Use: Scroll            |     3 |     6 ||     9
       Potion            |       |     1 ||     1
 Stab: Sleeping          |    21 |     2 ||    23
       Distracted        |       |     1 ||     1

Vault maps used:
D:1:      minmay_arrival_stair_chambers
D:2:      evilmike_ruin_ashenzari, patterned_corridor
D:3:      first_bread, kennysheep_generic_room_4
D:4:      lemuel_blue_sif_altar, grunt_temple_overflow_diamond,
          uniq_blork_the_orc, uniq_sigmund, uniq_robin
D:5:      grunt_dithmenos_shadows, marbit_many_paths, overflow_temple_1_default,
          gammafunk_temple_overflow_elements, nrook_pool_corridor,
          hangedman_decor_diamond_cutter

Table legend:
 A = Turns spent in this place as a percentage of turns spent in the entire game.
 B = Non-inter-level travel turns spent in this place as a percentage of non-inter-level travel turns spent in the entire game.
 C = Inter-level travel turns spent in this place as a percentage of turns spent in this place.
 D = Turns resting spent in this place as a percentage of non-inter-level travel turns spent in this place.
 E = Turns spent auto-exploring this place as a percentage of non-inter-level travel turns spent in this place.
 F = Non-inter-level travel turns spent in this place divided by the number of levels of this place that you've seen.
                   A       B       C       D       E      F
               +-------+-------+-------+-------+-------+----------------------
         Total | 100.0 | 100.0 |   0.9 |   2.3 |   7.8 | 231.0
       Dungeon | 100.0 | 100.0 |   0.9 |   2.3 |   7.8 | 231.0
               +-------+-------+-------+-------+-------+----------------------

Table legend:
 A = Kills in this place as a percentage of kills in entire the game.
 B = Kills by you in this place as a percentage of kills by you in the entire game.
 C = Kills by friends in this place as a percentage of kills by friends in the entire game.
 D = Other kills in this place as a percentage of other kills in the entire game.
 E = Experience gained in this place as a percentage of experience gained in the entire game.
 F = Experience gained in this place divided by the number of levels of this place that you have seen.
                   A       B       C       D       E      F
               +-------+-------+-------+-------+-------+----------------------
         Total | 100.0 | 100.0 |  -nan |  -nan | 100.0 |  43.6
       Dungeon | 100.0 | 100.0 |  -nan |  -nan | 100.0 |  43.6
               +-------+-------+-------+-------+-------+----------------------
